[Event "Oceania Zonal Open 2023"]
[Site "Melbourne"]
[Date "2023.01.25"]
[Round "4.1"]
[White "Litchfield, Frederick"]
[Black "Kuybokarov, Temur"]
[Result "0-1"]
[ECO "D25"]
[WhiteElo "2119"]
[BlackElo "2558"]
[Annotator "TA"]
[PlyCount "98"]
[EventDate "2023.01.09"]
[EventType "swiss"]
[EventCountry "AUS"]
[SourceTitle "playchess.com"]
[Source "ChessBase"]
[SourceQuality "1"]
[TimeControl "5400+30"]

1. Nf3 d5 2. d4 Nf6 3. c4 dxc4 4. e3 Bg4 5. Bxc4 e6 6. O-O Bd6 7. Nc3 {[%emt 0:01:47] D25: Queen's Gambit Accepted: 4 e3: sidelines and 4...Bg4.} Nc6 8. h3 Bh5 9. b3 {[%emt 0:05:28] White has an edge.} O-O 10. Bb2 Qe7 {[%emt 0:06:23] [#]} 11. Nb5 $146 ({Predecessor:} 11. Be2 Rad8 12. Rc1 a6 13. Na4 e5 14. dxe5 Nxe5 15. Nxe5 Bxe5 16. Qe1 Bxb2 17. Nxb2 c6 {½-½ Cofman,V (2271)-Hoffmann,H (2115) GER-ch Net blitz qual1 2021 (11)}) 11... Bb4 12. a3 Ba5 13. Be2 Rad8 14. b4 Bb6 15. Qc2 a5 16. bxa5 Bxa5 17. Rfd1 Ra8 18. Nc3 Bg6 19. Qb3 Ne4 20. Nd2 (20. Qxb7 Bxc3 21. Bxc3 Nxc3 $17) 20... Nd6 (20... Nxd2 $11 21. Rxd2 e5) 21. Nc4 (21. Rac1 $16) 21... Bxc3 22. Bxc3 Be4 23. Nxd6 cxd6 24. f3 Bg6 (24... Bd5 $14 25. Qb6 f5) 25. d5 (25. a4 $16) 25... exd5 $11 26. Bd4 ({Better is} 26. Bb2 $11) 26... Rfe8 (26... Nxd4 $15 27. Rxd4 Bc2 28. Qxd5 Qxe3+ 29. Kf1 h6) 27. Bb6 {[%emt 0:07:44] A strong pair of Bishops.} d4 28. e4 Kh8 29. Bxd4 (29. Bb5 $14) 29... f5 30. Bb2 fxe4 31. Qd5 Rad8 (31... Qh4 {is interesting.} 32. Rf1 e3 33. Rac1 Qg3) 32. Re1 Qh4 33. Bc3 Ne7 (33... Re7 $15) 34. Qxb7 d5 {[%emt 0:00:05][%cal Bd6d5,Bd5d4][%mdl 32] Hoping for ...d4.} 35. Rad1 {[%emt 0:01:18] [#]} (35. Qb2 $11 Rg8 36. Rad1) 35... d4 $1 $19 36. Bb4 {[%emt 0:02:11] [#]} (36. Ba1 e3) 36... Nf5 (36... e3 37. Bb5 Rb8 38. Qa6 $17) (36... Nd5 $1 $19 {[%cal Rd5f4] and Black stays clearly on top.} 37. Ba5 Ne3 38. Bxd8 Rxd8) 37. Bb5 $17 Rb8 ({Black should try} 37... Qg3 $17 38. Rxe4 (38. Bxe8 $2 Nh4 $19) 38... Rb8 39. Rxe8+ {[%mdl 64] Remove Defender} Bxe8) 38. Qd5 $11 Red8 $36 {[%emt 0:00:37][%mdl 2048] White is under pressure.} 39. Qe5 (39. Qxe4 $15 Rxb5 40. Qxh4 Nxh4 41. Be7 Nxf3+ 42. gxf3) 39... exf3 $19 40. gxf3 {[%emt 0:00:57] [#]} (40. Rf1 fxg2 41. Rf3) 40... Rxb5 $1 {[%emt 0:01:12][%mdl 576] Deflection} 41. Qxb5 (41. Qh2 Ne3) 41... Qg3+ (41... Qxh3 42. Qf1 Qh4 43. Qf2 $15) 42. Kh1 Qxh3+ 43. Kg1 Qg3+ ({And not} 43... Qxf3 44. Qf1 Qg4+ 45. Qg2 $17) 44. Kf1 Qxf3+ 45. Kg1 Qg3+ 46. Kh1 Nh4 47. Qf1 {[%emt 0:00:26] White is weak on the light squares} Bh5 48. Rd3 Nf3 49. Qe2 Qh3+ {[%emt 0:00:07] Artfully played by Kuybokarov.   Weighted Error Value: White=0.42/Black=0.15 (very precise)} 0-1

[Event "Oceania Zonal Open 2023"]
[Site "Melbourne"]
[Date "2023.01.25"]
[Round "4.2"]
[White "Zhao, Zong-Yuan"]
[Black "Xie, Felix"]
[Result "1-0"]
[ECO "D31"]
[WhiteElo "2488"]
[BlackElo "2103"]
[Annotator "TA"]
[PlyCount "128"]
[EventDate "2023.01.09"]
[EventType "swiss"]
[EventCountry "AUS"]
[SourceTitle "playchess.com"]
[Source "ChessBase"]
[SourceQuality "1"]
[TimeControl "5400+30"]

1. d4 d5 2. c4 e6 3. Nc3 Be7 4. cxd5 exd5 5. Bf4 c6 6. e3 Bf5 7. Nge2 Nf6 8. Ng3 {[%emt 0:00:26] D31: Queen's Gambit Declined: Semi-Slav without ...Nf6 (+ Marshall Gambit and Noteboom) and Exchange Variation lines without ...Nf6.} Bg6 9. h4 {[%emt 0:01:25] h5 is the strong threat.} h5 10. Bd3 {[%emt 0:01:39] The position is equal.} Bxd3 11. Qxd3 g6 12. O-O-O Nbd7 13. e4 dxe4 14. Ngxe4 O-O 15. f3 {[%emt 0:09:25][%cal Og2g4,Bf2f3,Bf3f4,Bf4f5,Bf5g6][%mdl 32] [#]} Nd5 $146 ({Predecessor:} 15... Nxe4 16. fxe4 Nf6 17. Qf3 Ng4 18. Kb1 Bb4 19. g3 Bxc3 20. bxc3 Re8 21. Rhe1 Qa5 22. Bg5 Qb5+ 23. Ka1 Qc4 {½-½ Chytilek,R (2392)-Kotan,L (2289) Olomouc Inline Czechia Cup 2006 (10.4)}) 16. Nxd5 cxd5 {[%emt 0:36:51] [#]} 17. Ng5 (17. Nc3 $1 $16) 17... Nf6 18. Kb1 Bd6 (18... Qd7 $11) 19. Be5 $14 {[%emt 0:05:00][%cal Og5e6] Threatens to win with Ne6!} Re8 {[%emt 0:01:54] Prevents Ne6} 20. f4 {[%emt 0:02:29] And now f5 would win. White has more active pieces.} Ng4 21. f5 $1 Bxe5 22. fxg6 $1 f6 23. Nf7 {[%emt 0:01:13] The board is on fire.} Qd7 (23... Nf2 $2 24. Qd2 Ng4 25. Nxd8 $18) 24. dxe5 Nxe5 25. Qb3 (25. Qxd5 {simplifies} Qxd5 26. Rxd5 Kg7 27. Nxe5 Rxe5 28. Rd7+) 25... Nxf7 (25... Nxg6 $14 26. Nh6+ Kh8) 26. Rxd5 $1 $16 ({Of course not} 26. gxf7+ Qxf7 27. Rxd5 (27. Qxd5 Re2 $11) 27... Rad8 28. Qg3+ (28. Rxh5 Qxb3 29. axb3 Rd2 $11) 28... Kh8 $11) 26... Qe6 27. gxf7+ Qxf7 28. Rf1 ({Resist} 28. Rxh5 Qxb3 29. axb3 Re2 $14) 28... Kg7 (28... Re5 $14 29. Qg3+ Qg7 30. Qxg7+ Kxg7 31. Rd7+ Kg6) 29. Rg5+ $1 $40 {[%emt 0:02:09][%mdl 192] Pin. White wants a kill.} Kf8 30. Qxf7+ (30. Qa3+ $18 Re7 31. Rgf5 (31. Qd6 Ke8 $16)) 30... Kxf7 31. Rxh5 $18 {[%emt 0:00:04][%cal Bg5h5,Bh5h7,Bh7b7][%mdl 4128] Endgame KRR-KRR} Re2 32. Rh7+ Kg6 (32... Ke6 $16 33. Rg7 (33. Rxb7 Rxg2 34. Re1+ Kd6 $16) 33... f5) 33. Rxb7 Rxg2 {[%emt 0:00:09] [#]} 34. h5+ $1 {[%emt 0:00:58][%mdl 576] Deflection} Kxh5 35. Rxf6 a5 $2 (35... Rg6 {is a better defense.} 36. Rxg6 Kxg6) 36. a4 Kg5 37. Rff7 Rg4 $2 (37... Re2 38. Rb5+ Kg6) 38. Rg7+ Kh4 39. b3 $2 (39. Rxg4+ Kxg4 40. Rb5) 39... Ra6 $2 (39... Rg5 40. Kb2 Kg4 41. Rxg5+ Kxg5) 40. Kb2 {[%emt 0:00:22] aiming for Rxg4+.} Kg3 41. Rxg4+ Kxg4 {[%emt 0:00:03] KR-KR} 42. Rf7 {[%emt 0:00:52][%cal Ob3b4] Hoping for b4!} Re6 43. Kc3 Rc6+ 44. Kd4 {[%emt 0:00:15] Rg7+ would be deadly.} Rb6 45. Kc4 Rb4+ 46. Kc3 {[%emt 0:00:01] Threatening mate with Rg7+.} Rb6 47. Ra7 Rc6+ 48. Kd4 Rb6 49. Rxa5 {[%emt 0:00:24] White mates.} Rxb3 50. Rb5 Ra3 51. a5 Kf4 52. Kc5 Rh3 53. a6 Rh5+ 54. Kb6 Rh6+ 55. Ka5 Rh7 56. Rc5 Ke4 57. Kb6 Kd4 58. Rc7 Rh1 59. a7 Rb1+ 60. Kc6 Ra1 61. Kb7 Rb1+ 62. Kc8 Ra1 63. Kb8 Rb1+ 64. Rb7 Kd5 {[%emt 0:00:08] Weighted Error Value: White=0.25 (precise) /Black=0.30} 1-0

[Event "Oceania Zonal Open 2023"]
[Site "Melbourne"]
[Date "2023.01.25"]
[Round "4.3"]
[White "Urban, Sylvester"]
[Black "Sardana, Rishi"]
[Result "0-1"]
[ECO "E33"]
[WhiteElo "2117"]
[BlackElo "2459"]
[Annotator "TA"]
[PlyCount "74"]
[EventDate "2023.01.09"]
[EventType "swiss"]
[EventCountry "AUS"]
[SourceTitle "playchess.com"]
[Source "ChessBase"]
[SourceQuality "1"]
[TimeControl "5400+30"]

1. d4 Nf6 2. c4 e6 3. Nc3 Bb4 4. Qc2 Nc6 5. Nf3 d6 6. Bd2 e5 7. d5 Bxc3 8. Bxc3 Ne7 {[%emt 0:00:07] E33: Nimzo-Indian: Classical: 4...Nc6.} 9. e4 O-O 10. O-O-O {[%emt 0:07:43] [#]} a5 $146 {[%emt 0:17:28] The position is equal.} ({Predecessor:} 10... Nd7 11. g4 Nc5 12. h3 Ng6 13. Be2 a6 14. Rdg1 b5 15. h4 Nf4 16. g5 f5 17. gxf6 Qxf6 {0-1 Kardoeus,D (2172)-Wachinger,N (2334) Bremen CD Meyer Memorial 2020 (5)}) 11. Ne1 c6 12. dxc6 Nxc6 13. a3 {[%emt 0:11:11] Against Nb4} (13. f3 $1 $11) 13... Qc7 $15 14. b3 (14. Kb1 $15) 14... Be6 ({Better is} 14... a4 $1 $19 15. b4 Be6) 15. a4 $17 Nd7 16. Kb2 Nc5 17. f3 Ra6 18. Rb1 (18. Ra1 $17) 18... Rb6 $1 $19 19. Ka3 Qe7 {[%emt 0:02:47][%cal Od6d5] Strongly threatening ...d5!} 20. Ka2 Rc8 21. Qd2 f5 22. exf5 (22. Nd3 $17) 22... Bxf5 23. Bd3 Be6 (23... e4 $19 24. Bc2 Qf7) 24. Bc2 Na6 {[%emt 0:04:22] A dynamic duo of knights.} (24... d5 $17 25. cxd5 (25. Bxa5 $2 Nxa5 26. Qxa5 Ra6 $19) 25... Rd8) 25. Be4 $2 (25. Nd3 $15) 25... Ncb4+ 26. Bxb4 Nxb4+ 27. Ka1 {[%emt 0:00:12] [#]} d5 $1 28. cxd5 {[%emt 0:02:02] [#]} Nxd5 29. Bxd5 $17 {[%emt 0:01:05] Nc2 would be deadly.} Qa3+ 30. Qa2 Qxa2+ 31. Kxa2 {[%emt 0:00:01] Bxe6+ is the strong threat.} Bxd5 32. Nd3 Rc2+ 33. Ka3 Rc3 $36 {[%emt 0:00:49][%mdl 2048] Black has strong initiative.} 34. Nc1 {[%emt 0:00:11] [#]} Kf7 $1 {[%emt 0:00:27] Black has more active pieces.} 35. Re1 Kf6 36. Rb2 (36. Kb2 $17 Rbc6 37. Ka3) 36... g5 $19 37. Rbe2 $2 {[%emt 0:00:47] [#]} (37. h3 $17) 37... Rxc1 $1 {[%emt 0:01:25][%mdl 576] Remove Defender.   Weighted Error Value: White=0.54/Black=0.22 (precise)} 0-1

[Event "Oceania Zonal Open 2023"]
[Site "Melbourne"]
[Date "2023.01.25"]
[Round "4.4"]
[White "Lane, Gary W"]
[Black "Ilic, Nicholas"]
[Result "1-0"]
[ECO "B36"]
[WhiteElo "2343"]
[BlackElo "2066"]
[Annotator "TA"]
[PlyCount "89"]
[EventDate "2023.01.09"]
[EventType "swiss"]
[EventCountry "AUS"]
[SourceTitle "playchess.com"]
[Source "ChessBase"]
[SourceQuality "1"]
[TimeControl "5400+30"]

1. e4 c5 2. Nf3 Nc6 3. d4 cxd4 4. Nxd4 g6 5. c4 Nf6 6. Nc3 d6 7. Be2 Nxd4 8. Qxd4 Bg7 9. Be3 O-O 10. Qd2 Be6 11. Rc1 Qa5 12. O-O Rfc8 13. b3 a6 14. f4 b5 15. f5 {[%emt 0:02:15] B36: Sicilian: Maroczy Bind: Gurgenidze System.} Bd7 {[%emt 0:00:18] [#]} 16. Bf3 $146 {[%emt 0:10:23][%cal Oe4e5] e5! is the strong threat.} ({Predecessor:} 16. fxg6 hxg6 17. e5 b4 18. exf6 bxc3 19. Rxc3 Bxf6 20. Rd3 Qxd2 21. Rxd2 Bc6 22. Bd4 {½-½ Mousavi,S (2470)-Pourramezanali,A (2536) Shiraz Farvardin op 2018 (9)}) 16... b4 (16... Rab8 {feels hotter.} 17. c5 b4 18. Nd5 Nxd5 19. Qxd5 Bc6) 17. Ne2 {[%emt 0:04:06][%cal Oe4e5] White is slightly better.} Bc6 18. Ng3 Nd7 19. a4 Rab8 (19... Qe5 {seems wilder.} 20. fxg6 fxg6 21. Bg4 Nc5) 20. fxg6 hxg6 21. Bg4 Rc7 22. Qf2 Nf6 (22... Rf8 $11) 23. Bf3 (23. Be2 $14) 23... Nd7 $1 $11 24. Bd1 Rf8 25. Kh1 Nc5 26. Bc2 {[%emt 0:00:39][%cal Oe4e5] Dodges Nd3. Hoping for e5!} Rcc8 $2 {[%emt 0:02:36] White leaves nothing to chance now.} ({Black should play} 26... Nd7 $11) 27. Rce1 $2 ({White has to play} 27. e5 $1 $16 {[%cal Re5d6] exd6 would be deadly.} Qc7 28. exd6 exd6 29. Nf5 gxf5 30. Qxf5) 27... Ne6 $2 {[%emt 0:00:50] [#]} (27... Bb7 $11 {and Black is okay.}) 28. Nf5 $1 $18 Bf6 (28... gxf5 $2 29. exf5 Qe5 30. fxe6 $18) (28... Rce8 {was necessary.} 29. e5 Qxe5) 29. Nh6+ ({Resist} 29. Nxd6 exd6 30. Qxf6 Qe5 $16) 29... Kh7 30. Ng4 Bg7 {[%emt 0:09:45] [#]} (30... Qh5) 31. e5 $1 Qc7 (31... Qd8 32. Qh4+) 32. Qh4+ Kg8 33. Bh6 {[%emt 0:01:22] aiming for Bxg7.} dxe5 34. Bxg7 Kxg7 35. Qh6+ Kg8 36. Nxe5 Ng7 {[%emt 0:00:24] [#]} 37. Nxf7 $1 Rxf7 (37... Bxg2+ 38. Kxg2) 38. Rxf7 Kxf7 39. Qxg6+ Kg8 40. Qh7+ Kf7 41. Rf1+ Ke8 42. Qg8+ Kd7 43. Rd1+ Bd5 44. Qxd5+ Qd6 45. Qb7+ {[%emt 0:00:06] An entertaining game by Lane.   Weighted Error Value: White=0.14 (very precise) /Black=0.52} (45. Qf7 $142 Rc6 46. Rxd6+ Rxd6 47. Qxg7) 1-0

[Event "Oceania Zonal Open 2023"]
[Site "Melbourne"]
[Date "2023.01.25"]
[Round "4.5"]
[White "Clarke, Matthew"]
[Black "Liu, Yi"]
[Result "0-1"]
[ECO "E71"]
[WhiteElo "2104"]
[BlackElo "2303"]
[Annotator "TA"]
[PlyCount "162"]
[EventDate "2023.01.09"]
[EventType "swiss"]
[EventCountry "AUS"]
[SourceTitle "playchess.com"]
[Source "ChessBase"]
[SourceQuality "1"]
[TimeControl "5400+30"]

1. d4 Nf6 2. c4 g6 3. Nc3 Bg7 4. e4 O-O 5. h3 d6 6. Be3 e5 7. d5 Nfd7 {[%emt 0:02:48] E71: King's Indian: 4 e4 d6 5 h3.} 8. g4 a5 9. Nge2 Na6 {[%emt 0:01:33] White is slightly better.} 10. Qd2 Ndc5 11. Ng3 Bd7 12. Be2 {[%emt 0:03:19] [#]} Bf6 $146 {[%emt 0:08:59] Prevents h4} (12... c6 $142) ({Predecessor:} 12... Qc8 13. f3 f5 14. gxf5 gxf5 15. Nh5 f4 16. Rg1 Rf7 17. Bxf4 exf4 18. Qd4 Qf8 {1-0 Rakhmanov,A (2640)-Bifulco,M (2338) Titled Tuesday intern op 21st Dec blitz 2021 (1)}) 13. O-O-O (13. h4 $16) 13... Bh4 $11 14. Rdg1 Kh8 15. Kb1 (15. g5 {keeps more tension.} c6 16. Kb1 b5 17. dxc6 b4 18. Qxd6 bxc3 19. cxd7 Qb8 20. Qxb8 Raxb8 21. b3) 15... Qe7 16. g5 f6 17. gxf6 Rxf6 18. f3 Raf8 19. Rh2 (19. Bh6 $14) 19... a4 (19... Rxf3 $11 20. Bxf3 Rxf3) 20. Nh1 Be8 (20... Qf7 $11) 21. Nf2 h5 22. Bd1 Kh7 23. Rgg2 Bd7 24. Bh6 (24. Rh1 $14) 24... R8f7 {[%emt 0:06:08] Active counter play!} 25. Be3 Kg8 (25... Rf8 $1 $11) 26. Rh1 $14 Rg7 27. Bh6 Rh7 28. Be3 (28. Rhg1 $16) 28... Qf7 (28... Rg7 $1 $11 {keeps the balance.}) 29. Rhh2 Kf8 30. Ka1 (30. Rg1 {simplifies} b6 31. Nd3 Nxd3 32. Qxd3 Nc5 33. Qd2) 30... Ke7 31. Be2 Rh8 32. Nfd1 Rg8 33. Rh1 Kd8 34. Bg5 Bxg5 35. Rxg5 Rf4 36. Nf2 Rh4 37. Ncd1 b6 (37... a3 $11) 38. Rhg1 (38. Ne3 $5 ) 38... Rf4 (38... Kc8 $14 {is superior.}) 39. Ne3 ({Better is} 39. Qc3 $16) 39... Kc8 40. Ng2 Rf6 41. Nh4 Kb7 42. R1g3 Be8 43. Rg1 Qh7 (43... Bd7 $11) 44. Kb1 Nb8 45. Kc1 (45. Bd1 $16) 45... Nbd7 46. Kd1 Rg7 47. Ke1 Nf8 48. Bd1 Bd7 (48... c6 $14) 49. b4 $16 axb3 50. axb3 Qg8 (50... Qh6 $14) 51. b4 Na6 52. Ng2 (52. Be2 $16) 52... Nh7 $11 53. Rg3 g5 54. Ne3 (54. Nd3 {is interesting.} Qf8 55. b5 Nc5 56. Nxc5+ bxc5 57. Qa5) 54... Qa8 ({Black should play} 54... Qf8 $14) 55. Be2 $16 {[%emt 0:00:46] And now Qb2 would win.} Nb8 (55... Qf8 $16) 56. Qb2 $18 Kc8 57. Kd2 Rgf7 58. Ra1 Qb7 59. Qa3 h4 60. Rgg1 {[%emt 0:00:15] Threatens to win with c5.} Rxf3 61. Bxf3 Rxf3 62. Ke2 Rf4 63. Ng2 Rf8 64. Ne1 b5 (64... Be8 $142 65. Ned3 Bh5+ 66. Kd2 g4) 65. c5 dxc5 66. bxc5 b4 67. Qe3 {[%emt 0:00:36] Ned3 would be deadly.} c6 (67... Bb5+ {keeps fighting.} 68. Ned3 c6) 68. d6 Be6 69. Ned3 Bc4 70. Rgb1 b3 71. Qc1 $2 {[%emt 0:00:56] [#]} (71. Kd2 $18) 71... Rxf2+ $1 $15 {[%emt 0:00:46][%mdl 64] Remove Defender, Deflection} 72. Kxf2 Bxd3 73. Rb2 {[%emt 0:00:33] [#]} (73. Qa3 $17 Qf7+ 74. Kg1) 73... Qb4 $1 $19 (73... Bxe4 74. Qe3 Qf7+ 75. Kg1 $11) 74. Qe3 (74. Ra7 $142 Nf6 75. Rc7+ Kd8 76. Qxg5 Qd4+ 77. Ke1 Qxe4+ 78. Kd2 Qb4+ 79. Kd1 Bc2+ 80. Ke2 Qe4+ 81. Kf2 Qf4+ 82. Qxf4 exf4 83. Ra7) 74... Bc2 (74... Qxe4 75. Rxb3 Nf6 76. Rxd3 $18) (74... Qc3 $2 75. Rab1 Qc4 76. Ra1 $19) 75. Kg2 ({Of course not} 75. Ra7 Nf6 76. Rc7+ (76. Qxg5 Nxe4+ 77. Ke2 Nxg5 78. Rc7+ Kd8) 76... Kd8 77. Qxg5 Qxc5+ 78. Kg2 Qxd6 $19) 75... Nf6 {[%emt 0:00:22] Black is clearly winning.} ({Less strong is} 75... Bxe4+ 76. Kg1 Nf8 77. Rxb3 $16 (77. Qxb3 Qxb3 78. Rxb3 Bd5 $18)) 76. Rf1 Nbd7 ({Not} 76... Nxe4 77. Rf8+ Kd7 78. Rf7+ Kc8 79. Rf8+ Kd7 80. Rf7+ Kc8 81. Rf8+ $17) (76... Bxe4+ 77. Kh2 Nbd7 78. Rxb3 Qxc5 79. Qxc5 Nxc5 80. Ra3 $17) 77. Qxg5 Qxe4+ 78. Kh2 Qe2+ 79. Qg2 Qxg2+ 80. Kxg2 Nd5 {[%emt 0:00:19] White must now prevent ...Ne3+.} 81. Kf3 {[%emt 0:01:37] Wards off Ne3} e4+ {[%emt 0:00:17] Weighted Error Value: White=0.24 (precise) /Black=0.27 (precise)} 0-1

[Event "Oceania Zonal Open 2023"]
[Site "Melbourne"]
[Date "2023.01.25"]
[Round "4.6"]
[White "Gong, Patrick"]
[Black "Bayaca, Sterling"]
[Result "1-0"]
[ECO "C47"]
[WhiteElo "2292"]
[BlackElo "2054"]
[Annotator "TA"]
[PlyCount "124"]
[EventDate "2023.01.09"]
[EventType "swiss"]
[EventCountry "AUS"]
[SourceTitle "playchess.com"]
[Source "ChessBase"]
[SourceQuality "1"]
[TimeControl "5400+30"]

1. e4 e5 2. Nf3 Nc6 3. Nc3 Nf6 4. d4 exd4 5. Nxd4 Bb4 6. Nxc6 bxc6 7. Bd3 O-O 8. O-O d5 9. exd5 cxd5 10. h3 {[%emt 0:00:17] C47: Scotch Four Knights and Four Knights with 4 g3.} c6 11. Qf3 Be6 12. Bf4 {[%emt 0:00:44] The position is equal.} Bd6 13. Ne2 Rb8 14. b3 Re8 15. Rad1 Qc7 16. c4 {[%emt 0:06:02] [#]} Rbd8 $146 ({Predecessor:} 16... Bxf4 17. Nxf4 Qa5 18. cxd5 cxd5 19. Bb1 Ne4 20. Nxe6 Rxe6 21. Qd3 Nf6 22. Qd2 Qb6 {0-1 Kadianis,G (1965)-Moshovakis,A (1751) Heraklion Gazi op 11th 2015 (7)}) 17. c5 Bxf4 18. Qxf4 Qxf4 19. Nxf4 Nd7 20. Rc1 Ne5 21. Rfe1 Bc8 {[%emt 0:10:33] [#] And now ...g5 would win.} 22. h4 Kf8 23. Bb1 (23. Bxh7 g6 24. Re3 Re7 $15) 23... Ba6 24. Red1 Re7 25. f3 (25. Bxh7 $2 g6 26. Rc3 Kg7 27. Bxg6 fxg6 $19) 25... Rde8 26. Kf2 (26. Bxh7 $2 g6 27. Rd4 Kg7 28. Bxg6 Nxg6 $19) 26... g6 27. Rd4 f6 (27... Bb5 $1 $15) 28. Ra4 $14 Bc8 29. Rd1 Kg7 30. Rd2 {[%emt 0:01:30] White now steadily converts the win.} Nd7 ({Better is} 30... f5 $14) 31. Rxa7 $16 {[%emt 0:04:02] White is much more active.} Nxc5 32. Rxe7+ Rxe7 33. Rc2 Bf5 (33... Ne6 $16) 34. Rxc5 $18 Bxb1 {[%emt 0:00:02][%mdl 4096] Endgame KRB-KRN} 35. a4 (35. Rxc6 $6 Bxa2 36. Nxd5 Rb7 $16) 35... Rb7 $2 (35... Ba2 36. b4 (36. Rxc6 Bxb3 37. a5 Kf7 $16) 36... g5) 36. Ne6+ (36. Rxc6 Rxb3 37. a5 (37. Nxd5 Ra3 $18) 37... Rb2+ 38. Ke1 g5 $18) 36... Kg8 37. Nd4 (37. Rxc6 Rxb3 38. a5 Rb2+ 39. Kg3 Ra2 $18) 37... Ba2 38. a5 (38. Rxc6 Bxb3 39. a5 (39. Rxf6 Bxa4 40. g4 Be8 $16) 39... Bc4 $18) (38. Nxc6 Rxb3 39. Ne7+ (39. Rxd5 $2 {perishes.} Rb2+ {[%mdl 64] Discovered Attack} 40. Kg3 Bxd5 $19) 39... Kf7 40. Nxd5 Ke6 $16) 38... Bxb3 39. a6 ({Less strong is} 39. Rxc6 Bc4 40. Rb6 (40. Rxf6 Rb2+ 41. Kg3 Kg7 $18) 40... Ra7 $18) 39... Ra7 40. Nxb3 (40. Rxc6 Bc4 $11) 40... Rxa6 {[%emt 0:00:02] KRN-KR} 41. Nd4 Ra4 42. Nxc6 Rxh4 43. Rxd5 Kf7 44. Nd4 Ke7 45. Ne2 Ra4 46. Rb5 h5 47. Nc3 {[%emt 0:00:39] Prevents Ra2+} Ra6 48. Rb7+ Ke6 49. Ne4 {[%emt 0:00:10] White wants to mate with Nc5+.} Rc6 {[%emt 0:00:23] Prevents Nc5+.} 50. Ra7 {[%emt 0:00:16][%cal Oa7a6] White threatens Ra6! and mate.} g5 $2 {[%emt 0:01:46] [#]} (50... Kd5 $18 51. Ng3 f5) 51. Ra6 $3 {[%emt 0:00:36][%mdl 576] Decoy. White mates.} Rxa6 {[%emt 0:00:08] KR-KN} 52. Nc5+ Kf5 53. Nxa6 {[%emt 0:00:05] KN-K3P} g4 54. Nb4 h4 55. Nd5 Ke5 56. Ne7 f5 57. fxg4 h3 58. gxh3 fxg4 59. h4 ({Not} 59. hxg4 Kf4 $11) 59... Kf4 60. Nd5+ Ke5 61. Ne3 Kf4 62. Ng2+ Ke4 {[%emt 0:00:00] Weighted Error Value: White=0.07 (flawless) /Black=0.34} 1-0

[Event "Oceania Zonal Open 2023"]
[Site "Melbourne"]
[Date "2023.01.26"]
[Round "4.7"]
[White "Rujevic, Mirko"]
[Black "Brown, Joshua"]
[Result "1/2-1/2"]
[ECO "B34"]
[WhiteElo "2141"]
[BlackElo "1865"]
[Annotator "TA"]
[PlyCount "104"]
[EventDate "2023.01.09"]
[EventType "swiss"]
[EventCountry "AUS"]
[SourceTitle "playchess.com"]
[Source "ChessBase"]
[SourceQuality "1"]
[TimeControl "5400+30"]

1. e4 c5 2. Nf3 Nc6 3. d4 cxd4 4. Nxd4 g6 5. Be3 Nf6 6. Nc3 Bg7 7. Be2 O-O 8. O-O d5 9. exd5 Nb4 10. Qd2 Nbxd5 11. Nxd5 Nxd5 12. Bh6 e5 13. Bxg7 Kxg7 14. Nb3 {[%emt 0:03:49] B34: Sicilian: Accelerated Dragon with 5 Nc3: sidelines.} (14. Nb5 {seems wilder.} Nf4 15. Rfd1 Qg5 16. Bf3) 14... Nf4 {[%emt 0:11:36] [#] White must now prevent ...Qxd2.} 15. Bf3 Qxd2 16. Nxd2 {[%emt 0:00:03] Black is slightly better.} f5 17. g3 Nh3+ 18. Kg2 Ng5 19. h4 {[%emt 0:02:22] [#]} Ne6 $146 ({Predecessor:} 19... Nf7 20. Nb3 e4 21. Be2 b6 22. Rad1 Ne5 23. Nd4 Kf6 24. f4 exf3+ 25. Bxf3 Nxf3 26. Nxf3 {½-½ Centgraf,J (2171)-Peczeli,Z (2100) HUN-chT2 Breyer 1516 2015 (2.4)}) 20. Kg1 e4 21. Bg2 Bd7 22. Rfd1 Bb5 23. Bf1 Bxf1 24. Nxf1 Rfd8 25. Ne3 Nd4 26. Kf1 Rac8 27. Rd2 Nf3 28. Rxd8 Rxd8 29. Rd1 Rxd1+ 30. Nxd1 $15 {[%emt 0:00:01][%mdl 4096] Endgame KN-KN} Kf6 31. Ne3 g5 (31... Ke6 $15 {might be stronger.}) 32. hxg5+ $11 Kxg5 33. Nc4 b5 34. Nd6 b4 35. Ke2 Nd4+ 36. Kd2 Kg4 {[%emt 0:03:36] [#] Strongly threatening ...Kf3.} 37. c3 $1 Nc6 38. Ke3 a5 39. c4 a4 40. c5 h5 41. a3 b3 ({Better is} 41... bxa3 $11 42. bxa3 Kg5) 42. Nc4 (42. Nf7 $5 ) 42... h4 $2 (42... Kh3 $14) 43. gxh4 $18 Ne7 44. Ne5+ Kxh4 45. Kf4 Kh3 46. c6 $2 (46. Kg5 $18) 46... Kg2 $11 {[%emt 0:00:08] The position is equal.} 47. Ke3 Nd5+ 48. Kd4 Nc7 49. Ke3 Nd5+ 50. Kd4 Nc7 51. Ke3 Nd5+ 52. Ke2 Nc7 {[%emt 0:00:07] Weighted Error Value: White=0.22 (precise) /Black=0.08 (flawless)} 1/2-1/2

[Event "Oceania Zonal Open 2023"]
[Site "Melbourne"]
[Date "2023.01.25"]
[Round "4.7"]
[White "Papantoniou, John"]
[Black "Solomon, Stephen J"]
[Result "1/2-1/2"]
[ECO "A14"]
[WhiteElo "2067"]
[BlackElo "2279"]
[Annotator "TA"]
[PlyCount "70"]
[EventDate "2023.01.09"]
[EventType "swiss"]
[EventCountry "AUS"]
[SourceTitle "playchess.com"]
[Source "ChessBase"]
[SourceQuality "1"]
[TimeControl "5400+30"]

1. c4 e6 2. Nf3 d5 3. g3 Nf6 4. Bg2 Be7 5. O-O O-O 6. b3 c5 7. Bb2 {[%emt 0:00:07] 7.cxd5 gains popularity.} Nc6 8. e3 a6 (8... d4 $11) 9. d4 {[%emt 0:10:38] A14: English Opening: 1...e6 with b3 by White.} cxd4 10. exd4 b6 11. Qe2 {[%emt 0:09:01] White is slightly better.} Bb7 12. Nbd2 Rc8 13. Rac1 {[%emt 0:01:10] [#]} Re8 $146 ({Predecessor:} 13... a5 14. Rfd1 Ba6 15. Ne5 a4 16. Nxc6 Rxc6 17. Nf3 Rc7 18. Ne5 Qd6 19. Qe3 Rfc8 {1-0 Lodhi,M (2394)-Borgo,G (2426) WMSG Rapid Team 1st 2008 (9)}) 14. Rfe1 Nd7 15. cxd5 exd5 16. Bh3 Rc7 17. Ne5 Nf6 {[%emt 0:26:28] [#]} (17... Ndxe5 $11 18. dxe5 Bc5) 18. Nxc6 $1 $16 ({But not} 18. Nxf7 $2 Kxf7 19. Qd1 Kg8 $19) 18... Rxc6 19. Rxc6 Bb4 {[%emt 0:01:22][%cal Oe8e2] [#]} 20. Re6 fxe6 21. a3 ({And not} 21. Bxe6+ Kh8 22. Qd1 Bxd2 23. Qxd2 Ne4 24. Rxe4 (24. Bf7 Rf8 $17) 24... dxe4 $17) 21... Bxd2 22. Qxd2 Ne4 23. Qd3 Qf6 24. f3 Ng5 25. Bg4 g6 26. Bc1 Nf7 27. Bf4 {[%emt 0:01:19] White is more active.} e5 28. dxe5 (28. Qc3 $14 e4 29. h4) 28... Nxe5 $11 {[%emt 0:00:06] The position is equal.} 29. Bxe5 Rxe5 30. Rxe5 Qxe5 $14 {[%emt 0:00:05] KQB-KQB} 31. Kf2 Kf7 32. Qe3 Qb2+ 33. Qe2 Qd4+ 34. Qe3 Qb2+ 35. Qe2 Qf6 {[%emt 0:01:20] Weighted Error Value: White=0.10 (very precise) /Black=0.13 (very precise)} 1/2-1/2